 Dungeon Crawl Stone Soup version 0.16-b1 (console) character file.

12553 mauris the Slicer (level 12, 0/130 HPs)
             Began as a Halfling Earth Elementalist on Mar 14, 2015.
             Was a High Priest of Trog.
             Slain by a river rat (2 damage)
             ... on level 2 of the Lair of Beasts.
             The game lasted 00:31:29 (18514 turns).

mauris the Slicer (Halfling Earth Elementalist)    Turns: 18514, Time: 00:31:29

Health: 0/130      AC:  9    Str: 19    XL:     12   Next: 21%
Magic:  0/17       EV: 19    Int: 14    God:    Trog [*****.]
Gold:   504        SH:  0    Dex: 19    Spells: 0 memorised, 14 levels left

rFire  . . .     SeeInvis .     L - +5 rapier {freeze, Str+2 Dex+3}
rCold  . . .     Clarity  .     H - +1 robe {MR+} {2}
rNeg   . . .     SustAb   .     (no shield)
rPois  .         Gourm    .     s - +1 helmet
rElec  .         Spirit   +     q - +2 cloak
rCorr  .         Warding  .     (no gloves)
rMut   .         Stasis   .     (no boots)
MR     +....                    p - amulet of guardian spirit
Stlth  ..........               (no ring)
                                (no ring)

@: berserking, drained, very quick, somewhat resistant to hostile enchantments,
extremely unstealthy
A: mutation resistance 1
a: Burn Spellbooks, Berserk, Trog's Hand, Brothers in Arms, Renounce Religion


You were on level 2 of the Lair of Beasts.
You worshipped Trog.
Trog was extremely pleased with you.
You were not hungry.

You visited 3 branches of the dungeon, and saw 13 of its levels.

You collected 684 gold pieces.
You spent 180 gold pieces at shops.

Inventory:

Hand weapons
 n - a +1 mace of distortion {!w}
 L - the +5 rapier of Entrepreneurial Spirit (weapon) {freeze, Str+2 Dex+3}
   (You bought it in a shop on level 10 of the Dungeon)

   It has been specially enchanted to freeze those struck by it, causing extra
   injury to most foes and up to half again as much damage against particularly
   susceptible opponents.
   It can also slow down cold-blooded creatures.
   It affects your strength (+2).
   It affects your dexterity (+3).
Armour
 q - a +2 cloak (worn)
 s - a +1 helmet (worn)
 H - a +1 robe of magic resistance (worn) {2}
Jewellery
 a - a +5 ring of strength {unknown}
 p - an amulet of guardian spirit (around neck)
Magical devices
 y - a wand of fire (4) {15}
 I - a wand of disintegration (17) {24}
 J - a wand of paralysis (12) {24}
 K - a wand of random effects (26) {24}
Scrolls
 b - a scroll of torment {unknown}
 c - a scroll of fear
 d - a scroll of enchant weapon
 g - a scroll of blinking
 h - a scroll of enchant armour
 m - 6 scrolls of remove curse
 u - 2 scrolls of recharging
 D - 4 scrolls of teleportation {@r4}
Potions
 e - a potion of flight
 w - a potion of lignification {!q}
 x - a potion of might
 z - 2 potions of haste {@q3}
 A - a potion of magic
 B - a potion of heal wounds {@q2}
 C - 2 potions of curing {@q1}
 E - a potion of agility
 F - 2 potions of brilliance
Comestibles
 k - 6 beef jerkies
 l - 10 bread rations


   Skills:
 + Level 10.0(9.2) Fighting
 + Level 13.6(12.7) Short Blades
 - Level 9.9(9.2) Armour
 + Level 6.6(5.9) Dodging
 - Level 2.1(1.5) Stealth
 - Level 1.5(0.9) Spellcasting
   Level 0.5(0.0) Transmutations
   Level 3.0(2.3) Earth Magic


You had 14 spell levels left.
You didn't know any spells.

Dungeon Overview and Level Annotations

Branches:
Dungeon (10/15)            Temple (1/1) D:4            Lair (2/8) D:10
    Orc: D:9-12

Altars:
Ashenzari
Cheibriados
Dithmenos
Elyvilon
Fedhas
Gozag
Kikubaaqudgha
Makhleb
Nemelex Xobeh
Okawaru
Qazlal
Ru
Sif Muna
Trog
Vehumet
Xom
Yredelemnul
Zin
The Shining One

Shops:
D:5 *   D:10 (

Annotations:
Lair:2 exclusion: 4 oklob plants, Nergalle


Innate Abilities, Weirdness & Mutations

You are small and have problems with some larger weapons.
You are somewhat resistant to further mutation.


Message History

Nergalle is moderately wounded.
The spectral orc warrior closely misses you.
Nergalle hits you with a dagger.
* * * LOW HITPOINT WARNING * * *
Damage: -1%(-1hp) hp: 9%(11hp)
You puncture Nergalle! You freeze Nergalle.
Nergalle is heavily wounded.
The river rat bites you!
* * * LOW HITPOINT WARNING * * *
The spectral orc warrior barely misses you.
The spectral orc completely misses you. The river rat misses you.
Huge Dmg: -7%(-9hp) hp: 2%(2hp)
You completely miss Nergalle.
Nergalle is heavily wounded.
The spectral orc warrior closely misses you.
You puncture Nergalle! You freeze Nergalle.
Nergalle is severely wounded.
Nergalle completely misses you. The spectral orc warrior misses you.
The river rat bites you.
You die...

###### ### .#####P#PP####
. .....................
....[...................
.+#P....................
......# ##......Z.......
./....# #P.....Zor.......
#.....# #...ZZ@rZ......
......# #....#Z###.....
.....<## #..##### .
.#.#...####..#
..##...#.#...#
.###.........# .#
#..........# #.
.##.>........### ...
###..........#.####......


You could see Nergalle, 2 spectral orcs, 3 spectral orc warriors, a spectral orc
knight and 2 river rats.

Vanquished Creatures
  Fannar (Lair:1)
  Pikel (D:8)
  An elephant (D:10)
  4 spiny frogs
  3 komodo dragons
  A two-headed ogre (D:9)
  Prince Ribbit (D:6)
  Eustachio (D:8)
  2 deep elf magi (D:10)
  2 hungry ghosts (D:9)
  9 yaks
  Edmund (D:6)
  Menkaure (D:4)
  5 porcupines
  An orc warrior (D:8)
  An ice beast (D:8)
  A slave (D:8)
  4 phantoms
  A water moccasin (Lair:2)
  2 black bears (D:6)
  5 centaurs
  4 crocodiles
  8 big kobolds
  8 ogres
  Blork the orc (D:5)
  A wyvern zombie (D:8)
  3 giant frogs
  5 scorpions
  7 killer bees
  4 wights (D:9)
  5 crimson imps
  5 goliath beetles
  A quasit (D:9)
  A gnoll shaman (D:8)
  8 hounds
  2 jellies
  A wasp zombie (D:8)
  4 orc priests
  A centaur zombie (D:8)
  4 giant frog skeletons
  7 orc wizards
  10 worker ants
  Natasha (thrice) (D:4)
  7 iguanas
  A sheep (D:10)
  A hound zombie (D:5)
  A worker ant zombie (D:6)
  9 gnolls
  A scorpion zombie (D:5)
  15 river rats
  A shadow imp (D:5)
  12 adders
  2 giant mites
  A worm (D:3)
  An adder skeleton (D:4)
  24 orcs
  2 ball pythons
  16 bats
  A bat skeleton (D:4)
  8 giant cockroaches
  22 hobgoblins
  12 jackals
  6 quokkas
  2 giant geckos
  5 giant newts
  16 goblins
  30 kobolds
  A quokka zombie (D:5)
  17 rats
355 creatures vanquished.

Vanquished Creatures (others)
  An orc wizard (D:5)
1 creature vanquished.

Grand Total: 356 creatures vanquished

Notes
Turn   | Place    | Note
--------------------------------------------------------------
     0 | D:1      | mauris, the Halfling Earth Elementalist, began the quest for the Orb.
     0 | D:1      | Reached XP level 1. HP: 11/11 MP: 2/2
    44 | D:1      | Huge Dmg: 4 dmg
   474 | D:1      | Reached XP level 2. HP: 18/18 MP: 0/3
   602 | D:1      | Reached skill level 1 in Armour
   656 | D:1      | Huge Dmg: 4 dmg
   658 | D:1      | Huge Dmg: 4 dmg
   663 | D:1      | Huge Dmg: 5 dmg
  1107 | D:1      | Huge Dmg: 6 dmg
  1273 | D:1      | Reached skill level 1 in Fighting
  1273 | D:1      | Reached XP level 3. HP: 20/23 MP: 5/5
  1480 | D:1      | Huge Dmg: 3 dmg
  1483 | D:1      | Huge Dmg: 4 dmg
  2218 | D:2      | Reached skill level 1 in Short Blades
  2534 | D:2      | Huge Dmg: 4 dmg
  2723 | D:2      | Found a shimmering altar of Xom.
  2756 | D:2      | Huge Dmg: 5 dmg
  2771 | D:2      | Huge Dmg: 3 dmg
  3239 | D:3      | Huge Dmg: 7 dmg
  3336 | D:3      | Huge Dmg: 8 dmg
  3337 | D:3      | Reached XP level 4. HP: 16/29 MP: 6/6
  4139 | D:3      | Huge Dmg: 8 dmg
  4152 | D:3      | Reached XP level 5. HP: 22/34 MP: 7/7
  4339 | D:3      | Noticed a scorpion
  4348 | D:3      | Killed a scorpion
  4628 | D:3      | Reached XP level 6. HP: 32/41 MP: 9/9
  4645 | D:3      | Huge Dmg: 10 dmg
  4668 | D:3      | Huge Dmg: 3 dmg
  4670 | D:2      | Huge Dmg: 7 dmg
  4672 | D:2      | Huge Dmg: 1 dmg
  4983 | D:2      | Huge Dmg: 10 dmg
  5322 | D:4      | Noticed Menkaure
  5332 | D:4      | Huge Dmg: 9 dmg
  5333 | D:4      | Huge Dmg: 13 dmg
  5335 | D:4      | HP: 1/41 [Menkaure (12)]
  5336 | D:4      | Huge Dmg: 12 dmg
  5336 | D:4      | Killed Menkaure
  5336 | D:4      | Reached skill level 4 in Short Blades
  5336 | D:4      | Reached XP level 7. HP: 1/46 MP: 10/10
  5374 | D:4      | Huge Dmg: 2 dmg
  5748 | D:4      | Found a staircase to the Ecumenical Temple.
  5755 | Temple   | Entered the Ecumenical Temple
  6129 | D:4      | Huge Dmg: 8 dmg
  6131 | D:4      | Huge Dmg: 7 dmg
  6133 | D:4      | Huge Dmg: 8 dmg
  6135 | D:4      | Huge Dmg: 3 dmg
  6139 | D:4      | Reached skill level 5 in Short Blades
  6470 | D:4      | Noticed Natasha
  6480 | D:5      | Entered Level 5 of the Dungeon
  6689 | D:5      | Huge Dmg: 12 dmg
  6706 | D:5      | Reached XP level 8. HP: 33/54 MP: 11/11
  6734 | D:5      | Reached skill level 6 in Short Blades
  6734 | D:5      | Reached skill level 5 in Armour
  6951 | D:5      | Found a glowing silver altar of Zin.
  6951 | D:5      | Found Zin's Purification Station.
  6991 | D:5      | Huge Dmg: 11 dmg
  7282 | D:5      | Noticed Blork the orc
  7317 | D:5      | Huge Dmg: 8 dmg
  7317 | D:5      | Killed Blork the orc
  7614 | D:5      | Huge Dmg: 27 dmg
  7616 | D:5      | Reached skill level 7 in Short Blades
  7896 | D:5      | Found a sparkling altar of Nemelex Xobeh.
  7994 | D:6      | Huge Dmg: 13 dmg
  8019 | D:5      | Reached skill level 5 in Fighting
  8029 | D:5      | Huge Dmg: 5 dmg
  8109 | D:5      | Huge Dmg: 6 dmg
  8110 | D:5      | Huge Dmg: 5 dmg
  8401 | D:5      | Huge Dmg: 13 dmg
  8557 | D:6      | Reached XP level 9. HP: 61/61 MP: 13/13
  8684 | D:6      | Huge Dmg: 15 dmg
  8690 | D:6      | Huge Dmg: 7 dmg
  8730 | D:6      | Huge Dmg: 6 dmg
  8889 | D:6      | Reached skill level 8 in Short Blades
  9115 | D:6      | Noticed Edmund
  9135 | D:6      | Killed Edmund
  9332 | D:6      | Huge Dmg: 13 dmg
  9468 | D:6      | Found a bloodstained altar of Trog.
  9489 | D:6      | Became a worshipper of Trog the Wrathful
  9594 | D:6      | Noticed Prince Ribbit
  9989 | D:6      | Reached skill level 9 in Short Blades
 10916 | D:7      | Found a blossoming altar of Fedhas.
 10917 | D:7      | Found an ancient bone altar of Kikubaaqudgha.
 11060 | D:8      | Reached XP level 10. HP: 69/69 MP: 14/14
 11188 | D:8      | Found an opulent altar of Gozag.
 11290 | D:8      | Huge Dmg: 22 dmg
 11299 | D:8      | Reached skill level 10 in Short Blades
 11481 | D:8      | Noticed Eustachio
 11490 | D:8      | Huge Dmg: 13 dmg
 11529 | D:8      | Huge Dmg: 9 dmg
 11541 | D:8      | Killed Eustachio
 11541 | D:8      | Acquired Trog's first power
 11666 | D:8      | Huge Dmg: 18 dmg
 11677 | D:8      | Huge Dmg: 11 dmg
 12212 | D:8      | Noticed Pikel
 12229 | D:8      | Acquired Trog's second power
 12599 | D:6      | Huge Dmg: 12 dmg
 12603 | D:6      | Huge Dmg: 8 dmg
 12638 | D:6      | Huge Dmg: 12 dmg
 12638 | D:6      | Killed Prince Ribbit
 12866 | D:4      | Killed Natasha
 13019 | D:4      | Noticed Natasha
 13026 | D:4      | Killed Natasha
 13195 | D:4      | Noticed Natasha
 13212 | D:4      | Killed Natasha
 13467 | D:8      | Killed Pikel
 13467 | D:8      | Reached skill level 11 in Short Blades
 13532 | D:9      | Huge Dmg: 34 dmg
 13629 | D:9      | Huge Dmg: 14 dmg
 13663 | D:9      | Reached XP level 11. HP: 49/77 MP: 15/15
 14282 | D:9      | Reached skill level 12 in Short Blades
 14512 | D:10     | Entered Level 10 of the Dungeon
 14601 | D:10     | Acquired Trog's third power
 14732 | D:10     | Found a staircase to the Lair.
 14943 | D:10     | Huge Dmg: 16 dmg
 14969 | D:10     | Huge Dmg: 31 dmg
 15381 | D:10     | Found Uffuacs' Antique Weapon Shoppe.
 15390 | D:10     | Bought an encrusted rapier for 180 gold pieces
 15390 | D:10     | Identified the +5 rapier of Entrepreneurial Spirit {freeze, Str+2 Dex+3} (You bought it in a shop on level 10 of the Dungeon)
 16081 | Lair:1   | Entered Level 1 of the Lair of Beasts
 16235 | Lair:1   | Huge Dmg: 13 dmg
 16236 | Lair:1   | Reached skill level 5 in Dodging
 16275 | D:10     | Huge Dmg: 15 dmg
 16602 | Lair:1   | Noticed Fannar
 16610 | Lair:1   | Huge Dmg: 22 dmg
 16622 | Lair:1   | Huge Dmg: 23 dmg
 16632 | Lair:1   | Killed Fannar
 16641 | Lair:1   | Huge Dmg: 16 dmg
 16796 | Lair:1   | Huge Dmg: 25 dmg
 16798 | Lair:1   | Reached skill level 13 in Short Blades
 17235 | Lair:1   | Reached XP level 12. HP: 74/87 MP: 15/17
 17826 | Lair:2   | Huge Dmg: 18 dmg
 17831 | Lair:2   | Huge Dmg: 15 dmg
 18413 | Lair:2   | Reached skill level 10 in Fighting
 18484 | Lair:2   | Noticed Nergalle
 18503 | Lair:2   | Huge Dmg: 29 dmg
 18506 | Lair:2   | Huge Dmg: 42 dmg
 18509 | Lair:2   | Huge Dmg: 4 dmg
 18512 | Lair:2   | HP: 2/130 [river rat (9)]
 18513 | Lair:2   | Huge Dmg: 9 dmg
 18514 | Lair:2   | Slain by a river rat

Action                   |  1- 3 |  4- 6 |  7- 9 | 10-12 || total
-------------------------+-------+-------+-------+-------++-------
Melee: Unarmed           |    68 |       |       |       ||    68
       Dagger            |   144 |       |       |       ||   144
       Short sword       |    12 |   197 |   824 |   713 ||  1746
       Rapier            |       |       |       |   311 ||   311
Throw: Stone             |     4 |       |       |       ||     4
 Cast: Sandblast         |    20 |       |       |       ||    20
Invok: Burn Spellbooks   |       |       |     1 |     2 ||     3
       Berserk           |       |       |       |     5 ||     5
  Use: Scroll            |     3 |       |     6 |    18 ||    27
       Potion            |       |       |     1 |     1 ||     2
 Stab: Sleeping          |     2 |     1 |     4 |    10 ||    17
       Distracted        |       |       |     2 |       ||     2
  Eat: Chunk             |     6 |     4 |    17 |    18 ||    45
       Meat ration       |     1 |       |       |     3 ||     4
       Pizza             |       |       |     1 |     1 ||     2

Vault maps used:
D:1:      dpeg_arrival_sounds_drone, st_stairs_14
D:2:      xom_teletrap_fun, first_bread
D:4:      minmay_temple_entry_junction, uniq_natasha, uniq_menkaure
D:5:      kennysheep_little_box, zin_purify, uniq_blork_the_orc
D:6:      trog_ov_bears_minmay, uniq_edmund, uniq_prince_ribbit1
D:7:      grunt_temple_overflow_growth_and_decay, uniq_crazy_yiuf_cottage
D:8:      grunt_gozag_breadcrumbs, uniq_pikel, uniq_eustachio
D:9:      wad_crossroads, special_room
D:10:     david_lair_generic, serial_shops, shop_fountains
Temple:   triangle_lava_temple_12
Lair:1:   uniq_fannar
Lair:2:   dpeg_oklob_gauntlet, uniq_nergalle
